TOP OF THE 1ST |
Oklahoma State Cowboys batting - Pitching for Purdue Boilermakers : RHP Todd Jackson
|
Pitching: RHP Todd Jackson
|
|
Batting: RHB Derrek Lane
|
0-0: Ball 1-0: Called Strike 1-1: Foul Ball, location: 2F 1-2: Ball 2-2: Strikes out looking
|
Batting: SHB Ernest Hood
|
0-0: Ball 1-0: Ball 2-0: Called Strike 2-1: SOLO HOME RUN (Flyball, 9D), Distance : 376 ft
|
Batting: LHB Bill Bryan
|
0-0: Fly out, F8 (Line Drive, 8LD)
|
Batting: SHB Jacob Lachance
|
0-0: Ball 1-0: Foul Ball, location: 2F 1-1: Called Strike 1-2: Ball 2-2: Ground out 6-3 (Groundball, 56)
|
Top of the 1st over - 1 run(s), 1 hit(s), 0 error(s), 0 left on base; Oklahoma State 1 - Purdue 0 |
BOTTOM OF THE 1ST |
Purdue Boilermakers batting - Pitching for Oklahoma State Cowboys : RHP Joe Bell
|
Pitching: RHP Joe Bell
|
|
Batting: LHB Joe Kent
|
0-0: Called Strike 0-1: Foul Ball, location: 2F 0-2: Ball 1-2: Foul Ball, location: 2F 1-2: Fly out, F4 (Popup, 4S)
|
Batting: SHB Bryan Atkins
|
0-0: Foul Ball, location: 2F 0-1: Ball 1-1: Ball 2-1: Ball 3-1: Foul Ball, location: 2F 3-2: Strikes out swinging
|
Batting: RHB Jorge Molina
|
0-0: Swinging Strike 0-1: Foul Ball, location: 2F 0-2: Ball 1-2: Ball 2-2: Foul Ball, location: 2F 2-2: SOLO HOME RUN (Flyball, 78XD), Distance : 426 ft
|
Batting: LHB Harry Hamilton
|
0-0: Ball 1-0: Ball 2-0: Called Strike 2-1: Foul Ball, location: 2F 2-2: Hit by Pitch
|
Batting: RHB Bill Gilmore
|
0-0: Ball Harry Hamilton steals 2nd base 1-0: Foul Ball, location: 2F 1-1: Foul Ball, location: 2F 1-2: Ball 2-2: Fly out, F5 (Popup, 56D)
|
Bottom of the 1st over - 1 run(s), 1 hit(s), 0 error(s), 1 left on base; Oklahoma State 1 - Purdue 1 |
TOP OF THE 2ND |
Oklahoma State Cowboys batting - Pitching for Purdue Boilermakers : RHP Todd Jackson
|
Batting: RHB Burt Sharp
|
0-0: Ground out 4-3 (Groundball, 4)
|
Batting: RHB Dennis Ingram
|
0-0: Ball 1-0: Called Strike 1-1: Foul Ball, location: 2F 1-2: Strikes out swinging
|
Batting: RHB Larry Young
|
0-0: Ball 1-0: Ground out 5-3 (Groundball, 56)
|
Top of the 2nd over - 0 run(s), 0 hit(s), 0 error(s), 0 left on base; Oklahoma State 1 - Purdue 1 |
BOTTOM OF THE 2ND |
Purdue Boilermakers batting - Pitching for Oklahoma State Cowboys : RHP Joe Bell
|
Batting: RHB Joe Meads
|
0-0: Ground out 5-3 (Groundball, 5L)
|
Batting: RHB Javier Moreno
|
0-0: Ball 1-0: Swinging Strike 1-1: Swinging Strike 1-2: Ball 2-2: Strikes out looking
|
Batting: RHB Bruce Adams
|
0-0: Ground out 5-3 (Groundball, 56S)
|
Bottom of the 2nd over - 0 run(s), 0 hit(s), 0 error(s), 0 left on base; Oklahoma State 1 - Purdue 1 |
TOP OF THE 3RD |
Oklahoma State Cowboys batting - Pitching for Purdue Boilermakers : RHP Todd Jackson
|
Batting: SHB Myles Hopkins
|
0-0: Ball 1-0: Called Strike 1-1: Called Strike 1-2: Strikes out swinging
|
Batting: RHB Doug Wells
|
0-0: Called Strike 0-1: SINGLE (Line Drive, 6D)
|
Batting: RHB Derrek Lane
|
0-0: Called Strike 0-1: Reached on error, E9 (Flyball, 89D) Doug Wells to third
|
Batting: SHB Ernest Hood
|
0-0: Called Strike 0-1: Ball 1-1: Ball 2-1: Ball 3-1: Base on Balls
|
Batting: LHB Bill Bryan
|
0-0: Called Strike 0-1: Foul Ball, location: 2F 0-2: Foul Ball, location: 2F 0-2: Ball 1-2: Ball 2-2: Fielders Choice at 2nd, 5-4 (Groundball, 56) Doug Wells scores Derrek Lane to third
|
Batting: SHB Jacob Lachance
|
0-0: Called Strike 0-1: Ball 1-1: Ball 2-1: Ball 3-1: Fly out, F7 (Flyball, 78M)
|
Top of the 3rd over - 1 run(s), 1 hit(s), 1 error(s), 2 left on base; Oklahoma State 2 - Purdue 1 |
BOTTOM OF THE 3RD |
Purdue Boilermakers batting - Pitching for Oklahoma State Cowboys : RHP Joe Bell
|
Batting: RHB Rafael Castro
|
0-0: Ball 1-0: DOUBLE (Flyball, 89D)
|
Batting: LHB Joe Kent
|
0-0: SINGLE (Groundball, 4M) (infield hit) Rafael Castro to third
|
Batting: SHB Bryan Atkins
|
0-0: Ball 1-0: Called Strike Joe Kent steals 2nd base 1-1: Foul Ball, location: 2F 1-2: Ball 2-2: Ball 3-2: Fly out, F6 (Popup, 6)
|
Batting: RHB Jorge Molina
|
0-0: SINGLE (Line Drive, 8RS) Rafael Castro scores Joe Kent to third Runner from 3rd tries for Home, SAFE, no throw
|
Batting: LHB Harry Hamilton
|
0-0: Called Strike 0-1: Fielders Choice at 2nd, 5-4 (Groundball, 5)
|
Batting: RHB Bill Gilmore
|
0-0: Ball 1-0: Swinging Strike 1-1: Foul Ball, location: 2F 1-2: Fly out, F8 (Line Drive, 8LM)
|
Bottom of the 3rd over - 2 run(s), 3 hit(s), 0 error(s), 1 left on base; Oklahoma State 2 - Purdue 3 |
TOP OF THE 4TH |
Oklahoma State Cowboys batting - Pitching for Purdue Boilermakers : RHP Todd Jackson
|
Batting: RHB Burt Sharp
|
0-0: Ball 1-0: Ball 2-0: Called Strike 2-1: Ground out 5-3 (Groundball, 5)
|
Batting: RHB Dennis Ingram
|
0-0: Ball 1-0: SOLO HOME RUN (Flyball, 78XD), Distance : 432 ft
|
Batting: RHB Larry Young
|
0-0: Fly out, F9 (Flyball, 9)
|
Batting: SHB Myles Hopkins
|
0-0: Foul Ball, location: 2F 0-1: Foul Ball, location: 2F 0-2: Foul Ball, location: 2F 0-2: Foul Ball, location: 2F 0-2: Fly out, F5 (Popup, 5S)
|
Top of the 4th over - 1 run(s), 1 hit(s), 0 error(s), 0 left on base; Oklahoma State 3 - Purdue 3 |
BOTTOM OF THE 4TH |
Purdue Boilermakers batting - Pitching for Oklahoma State Cowboys : RHP Joe Bell
|
Batting: RHB Joe Meads
|
0-0: Swinging Strike 0-1: Ball 1-1: Ball 2-1: Foul Ball, location: 2F 2-2: Strikes out swinging, 2-3 out at first.
|
Batting: RHB Javier Moreno
|
0-0: SOLO HOME RUN (Flyball, 7D), Distance : 400 ft
|
Batting: RHB Bruce Adams
|
0-0: Swinging Strike 0-1: Called Strike 0-2: Foul Ball, location: 2F 0-2: Foul Ball, location: 2F 0-2: Strikes out looking
|
Batting: RHB Rafael Castro
|
0-0: Ball 1-0: SINGLE (Groundball, 34D)
|
Batting: LHB Joe Kent
|
0-0: Foul Ball, location: 2F 0-1: Ball 1-1: Ball 2-1: Called Strike 2-2: Strikes out swinging
|
Bottom of the 4th over - 1 run(s), 2 hit(s), 0 error(s), 1 left on base; Oklahoma State 3 - Purdue 4 |
TOP OF THE 5TH |
Oklahoma State Cowboys batting - Pitching for Purdue Boilermakers : RHP Todd Jackson
|
Batting: RHB Doug Wells
|
0-0: Called Strike 0-1: Called Strike 0-2: Ball 1-2: Strikes out swinging
|
Batting: RHB Derrek Lane
|
0-0: Called Strike 0-1: Ball 1-1: Called Strike 1-2: Ball 2-2: Ball 3-2: Foul Ball, location: 2F 3-2: Strikes out looking
|
Batting: SHB Ernest Hood
|
0-0: Ball 1-0: Ball 2-0: SINGLE (Groundball, 56) (infield hit)
|
Batting: LHB Bill Bryan
|
0-0: Ball 1-0: Swinging Strike 1-1: Called Strike 1-2: SINGLE (Groundball, 4MD) Ernest Hood to second Runner from 2nd tries for 3rd, SAFE, no throw
|
Batting: SHB Jacob Lachance
|
0-0: Called Strike 0-1: Fly out, F9 (Flyball, 9)
|
Top of the 5th over - 0 run(s), 2 hit(s), 0 error(s), 2 left on base; Oklahoma State 3 - Purdue 4 |
BOTTOM OF THE 5TH |
Purdue Boilermakers batting - Pitching for Oklahoma State Cowboys : RHP Joe Bell
|
Batting: SHB Bryan Atkins
|
0-0: Ground out 4-3 (Groundball, 34)
|
Batting: RHB Jorge Molina
|
0-0: Called Strike 0-1: Called Strike 0-2: Strikes out swinging
|
Batting: LHB Harry Hamilton
|
0-0: Ball 1-0: Ball 2-0: Fly out, F3 (Popup, 3L)
|
Bottom of the 5th over - 0 run(s), 0 hit(s), 0 error(s), 0 left on base; Oklahoma State 3 - Purdue 4 |
TOP OF THE 6TH |
Oklahoma State Cowboys batting - Pitching for Purdue Boilermakers : RHP Todd Jackson
|
Batting: RHB Burt Sharp
|
0-0: Ball 1-0: Swinging Strike 1-1: Called Strike 1-2: Ball 2-2: Foul Ball, location: 2F 2-2: Ball 3-2: Base on Balls
|
Pitching: LHP Neil White
|
|
Batting: RHB Dennis Ingram
|
0-0: Called Strike 0-1: Called Strike 0-2: Ball 1-2: SINGLE (Groundball, 34D) Burt Sharp to second Runner from 2nd tries for 3rd, SAFE, throw made to third
|
Now in RF: Mark Jackson
|
|
Batting: RHB Larry Young
|
0-0: Ball 1-0: Fly out, F7 (Flyball, 7S)
|
Batting: SHB Myles Hopkins
|
0-0: Fielders Choice at 2nd, 6-4 (Groundball, 6) Burt Sharp scores
|
Batting: RHB Doug Wells
|
0-0: Ball Myles Hopkins is caught stealing 2nd base
|
Top of the 6th over - 1 run(s), 1 hit(s), 0 error(s), 0 left on base; Oklahoma State 4 - Purdue 4 |
BOTTOM OF THE 6TH |
Purdue Boilermakers batting - Pitching for Oklahoma State Cowboys : RHP Joe Bell
|
Batting: RHB Bill Gilmore
|
0-0: Called Strike 0-1: Ball 1-1: Swinging Strike 1-2: Ball 2-2: Ground out 5-3 (Groundball, 5L)
|
Pitching: RHP Artie McDaniel
|
|
Batting: RHB Joe Meads
|
0-0: Called Strike 0-1: Ball 1-1: Called Strike 1-2: Fly out, F6 (Line Drive, 6D)
|
Batting: RHB Javier Moreno
|
0-0: Called Strike 0-1: Hit by Pitch
|
Batting: RHB Bruce Adams
|
0-0: Foul Ball, location: 2F 0-1: Ball 1-1: Hit by Pitch Javier Moreno to second
|
Batting: RHB Rafael Castro
|
0-0: Called Strike 0-1: Swinging Strike 0-2: Ball 1-2: Strikes out swinging
|
Bottom of the 6th over - 0 run(s), 0 hit(s), 0 error(s), 2 left on base; Oklahoma State 4 - Purdue 4 |
TOP OF THE 7TH |
Oklahoma State Cowboys batting - Pitching for Purdue Boilermakers : LHP Neil White
|
Batting: RHB Doug Wells
|
0-0: Ball 1-0: DOUBLE (Line Drive, 78M)
|
Batting: RHB Derrek Lane
|
0-0: Intentional Walk
|
Batting: SHB Ernest Hood
|
0-0: Sac Bunt - play at first, batter OUT! 5-4 Doug Wells to third Derrek Lane to second
|
Batting: LHB Bill Bryan
|
0-0: Intentional Walk
|
Batting: SHB Jacob Lachance
|
0-0: Swinging Strike 0-1: Foul Ball, location: 2F 0-2: Ball 1-2: Ball 2-2: Ball 3-2: Foul Ball, location: 2F 3-2: Strikes out swinging
|
Batting: RHB Burt Sharp
|
0-0: Swinging Strike 0-1: Ball 1-1: Called Strike 1-2: Ball 2-2: Strikes out swinging
|
Top of the 7th over - 0 run(s), 1 hit(s), 0 error(s), 3 left on base; Oklahoma State 4 - Purdue 4 |
BOTTOM OF THE 7TH |
Purdue Boilermakers batting - Pitching for Oklahoma State Cowboys : RHP Artie McDaniel
|
Batting: LHB Joe Kent
|
0-0: Swinging Strike 0-1: Called Strike 0-2: Ball 1-2: Ball 2-2: Foul Ball, location: 2F 2-2: Ball 3-2: Foul Ball, location: 2F 3-2: Strikes out swinging
|
Batting: SHB Bryan Atkins
|
0-0: Fly out, F8 (Flyball, 8RM)
|
Batting: RHB Jorge Molina
|
0-0: Foul Ball, location: 2F 0-1: Ball 1-1: Ball 2-1: Fly out, F8 (Flyball, 8RM)
|
Bottom of the 7th over - 0 run(s), 0 hit(s), 0 error(s), 0 left on base; Oklahoma State 4 - Purdue 4 |
TOP OF THE 8TH |
Oklahoma State Cowboys batting - Pitching for Purdue Boilermakers : LHP Neil White
|
Pinch Hitting: SHB Steve Miner
|
0-0: Called Strike 0-1: Ball 1-1: Ground out 6-3 (Groundball, 6)
|
Batting: RHB Larry Young
|
0-0: Ball 1-0: Ball 2-0: Called Strike 2-1: Ball 3-1: Foul Ball, location: 2F 3-2: Ground out 4-3 (Groundball, 4)
|
Batting: SHB Myles Hopkins
|
0-0: Ball 1-0: Called Strike 1-1: Swinging Strike 1-2: Foul Ball, location: 2F 1-2: Ball 2-2: Strikes out swinging
|
Top of the 8th over - 0 run(s), 0 hit(s), 0 error(s), 0 left on base; Oklahoma State 4 - Purdue 4 |
BOTTOM OF THE 8TH |
Purdue Boilermakers batting - Pitching for Oklahoma State Cowboys : RHP Artie McDaniel
|
Now at SS: Brian Baker
|
|
Batting: RHB Mark Jackson
|
0-0: Foul Ball, location: 2F 0-1: Ball 1-1: Single, Error in OF, E9, batter to second base
|
Batting: RHB Bill Gilmore
|
0-0: Intentional Walk
|
Pitching: LHP Alan Stewart
|
|
Batting: RHB Joe Meads
|
0-0: Reached on error, E5 (Groundball, 56) Mark Jackson to third Bill Gilmore to second
|
Batting: RHB Javier Moreno
|
0-0: Ball 1-0: Foul Ball, location: 2F 1-1: Called Strike 1-2: Fly out, F2 (Popup, 3S)
|
Pinch Hitting: RHB Brian McCoy
|
0-0: Foul Ball, location: 2F 0-1: Ball 1-1: Called Strike 1-2: Ball 2-2: SINGLE (Groundball, 4D) Mark Jackson scores Bill Gilmore to third Joe Meads to second
|
Batting: RHB Rafael Castro
|
0-0: Ball 1-0: Called Strike 1-1: Ball 2-1: Swinging Strike 2-2: Strikes out swinging
|
Batting: LHB Joe Kent
|
0-0: Fielders Choice at 2nd, 4-6 (Groundball, 4)
|
Bottom of the 8th over - 1 run(s), 2 hit(s), 2 error(s), 2 left on base; Oklahoma State 4 - Purdue 5 |
TOP OF THE 9TH |
Oklahoma State Cowboys batting - Pitching for Purdue Boilermakers : LHP Neil White
|
Pitching: RHP Ron Williams
|
|
Now at 1B: Carl Carver
|
|
Now at SS: Jeff Richardson
|
|
Batting: RHB Doug Wells
|
0-0: Foul Ball, location: 2F 0-1: Ball 1-1: Swinging Strike 1-2: Foul Ball, location: 2F 1-2: Ball 2-2: Ball 3-2: Foul Ball, location: 2F 3-2: Foul Ball, location: 2F 3-2: Base on Balls
|
Batting: RHB Derrek Lane
|
0-0: Ball 1-0: Ball 2-0: Called Strike 2-1: Fielders Choice at 2nd, 6-4 (Groundball, 6)
|
Batting: SHB Ernest Hood
|
0-0: Foul Ball, location: 2F 0-1: Ball 1-1: SINGLE (Line Drive, 8RS) Derrek Lane to second
|
Batting: LHB Bill Bryan
|
0-0: Foul Ball, location: 2F 0-1: Called Strike 0-2: Fielders Choice at 2nd, 6-4 (Groundball, 6) Derrek Lane to third
|
Batting: SHB Jacob Lachance
|
0-0: Called Strike 0-1: Ball 1-1: Ball 2-1: Foul Ball, location: 2F 2-2: Ball 3-2: 3-RUN HOME RUN (Flyball, 89XD), Distance : 429 ft
|
Batting: RHB Burt Sharp
|
0-0: Called Strike 0-1: Called Strike 0-2: Ball 1-2: Ball 2-2: Foul Ball, location: 2F 2-2: Ball 3-2: Fly out, F7 (Flyball, 78M)
|
Top of the 9th over - 3 run(s), 2 hit(s), 0 error(s), 0 left on base; Oklahoma State 7 - Purdue 5 |
BOTTOM OF THE 9TH |
Purdue Boilermakers batting - Pitching for Oklahoma State Cowboys : LHP Alan Stewart
|
Pitching: RHP Bob Grissom
|
|
Batting: SHB Bryan Atkins
|
0-0: Swinging Strike 0-1: Swinging Strike 0-2: Ball 1-2: Strikes out swinging
|
Batting: SHB Carl Carver
|
0-0: Swinging Strike 0-1: Ball 1-1: Ball 2-1: Swinging Strike 2-2: SINGLE (Groundball, 34S) (infield hit)
|
Batting: RHB Mark Jackson
|
0-0: Ground out 3-1 (Groundball, 34S) Carl Carver to second
|
Batting: RHB Bill Gilmore
|
0-0: Swinging Strike 0-1: Swinging Strike 0-2: Foul Ball, location: 2F 0-2: Strikes out swinging
|
Bottom of the 9th over - 0 run(s), 1 hit(s), 0 error(s), 1 left on base; Oklahoma State 7 - Purdue 5 |
|